 Dungeon Crawl Stone Soup version 0.31.0-12-g77e489cdc1 (webtiles) character file.

Game seed: 2809705484797290189

87 Gadfly the Trooper (level 4, 0/49 HPs)
             Began as an Oni Berserker on Feb 23, 2024.
             Was a Believer of Trog.
             Shot with a sling bullet by a goblin (6 damage)
             ... led by Robin
             ... on level 2 of the Dungeon.
             The game lasted 00:01:53 (1303 turns).

Gadfly the Trooper (Oni Berserker)                  Turns: 1303, Time: 00:01:53

Health: 0/49       AC:  3    Str: 21    XL:     4   Next: 51%
Magic:  4/4        EV: 10    Int:  8    God:    Trog [**....]
Gold:   99         SH:  0    Dex: 10    Spells: 3/3 levels left

rFire   . . .        a - +0 mace
rCold   . . .        (no shield)
rNeg    . . .        b - +0 animal skin
rPois   .            (helmet restricted)
rElec   .            (no cloak)
rCorr   .            (gloves unavailable)
SInv    .            (boots unavailable)
Will    .....        (no amulet)
Stlth   +            (no ring)
HPRegen 0.28/turn    (no ring)
MPRegen 0.09/turn

%: no passive effects
@: no status effects
A: large, unfitting armour, horns 1, tough skin 1, double potion healing,
drunken brawling
a: Renounce Religion, Berserk, Trog's Hand


You were on level 2 of the Dungeon.
You worshipped Trog.
Trog was pleased with you.
You visited 1 branch of the dungeon, and saw 2 of its levels.

You collected 99 gold pieces.

Inventory:

Hand Weapons
 a - a +0 mace (weapon)
Armour
 b - a +0 animal skin (worn)
Jewellery
 i - a ring of willpower
Scrolls
 c - a scroll of teleportation
 g - a scroll of noise {unknown}
 h - a scroll of revelation {unknown}
Potions
 d - 2 potions of might {unknown}
 e - a potion of cancellation {unknown}
 f - 2 potions of enlightenment {unknown}
 j - a potion of lignification {unknown}


   Skills:
 + Level 4.6 Fighting
 * Level 3.8 Maces & Flails
 * Level 0.3 Armour
 - Level 3.1 Dodging
 * Level 1.4 Evocations


You had 3 spell levels left.
You didn't know any spells.
Your spell library was empty.

Dungeon Overview and Level Annotations

Branches:
Dungeon (2/15)

Altars:

Annotations:
D:2 Robin


Innate Abilities, Weirdness & Mutations

You are too large for most types of armour.
You have a pair of small horns on your head.
You have tough skin. (AC +1)
You gain doubled healing and magic from potions.
Whenever you drink a healing potion, you attack all around you.


Message History

Robin points. "Kill!"
Robin zaps a wand.
The puff of flame hits you!
A goblin comes into view. It is wielding a +0 dagger.
The goblin hits you with a +0 dagger. x2
The goblin hits you but does no damage.
You see here a +0 dagger.
The goblin barely misses you.
The hobgoblin no longer looks unusually strong.
Robin roars a battlecry!
The hobgoblin goes into a battle-frenzy!
The goblin attacks as it pursues you! The goblin hits you with a +0 dagger.
The goblin attacks as it pursues you! The goblin barely misses you.
Robin zaps a wand.
The puff of flame hits you.
* * * LOW HITPOINT WARNING * * *
The goblin barely misses you.
Found a twisted moonstone ring.
The goblin no longer looks unusually strong.
Robin throws the goblin at you!
* * * LOW HITPOINT WARNING * * *
The goblin hits you with a +0 dagger.
* * * LOW HITPOINT WARNING * * *
You completely miss the goblin.
The goblin no longer looks unusually strong.
Robin throws the goblin at you! The goblin completely misses you.
The goblin hits you with a +0 dagger.
* * * LOW HITPOINT WARNING * * *
The goblin hits you with a +0 dagger.
* * * LOW HITPOINT WARNING * * *
The goblin hits you but does no damage. The goblin hits you with a +0 dagger.
* * * LOW HITPOINT WARNING * * *
The goblin attacks as it pursues you! The goblin barely misses you.
The goblin hits you but does no damage. x2
The goblin attacks as it pursues you! The goblin closely misses you.
Robin roars a battlecry!
The goblins go into a battle-frenzy!
The hobgoblin no longer looks unusually strong.
The goblin unwields a +0 dagger.
The goblin wields a +0 sling.
The goblin shoots a sling bullet.
The sling bullet hits you.
You die...

...'.†...........................
...######...##############......#
...# #...# #...#......# ...#
##### #...#.....## ...#
###########.........## )..#
#.........#...#......) ...#
#.........#.[.##..#### ...#
#.....<...)........... ####
#....@....#)..########
#.....g...#..........†
#....gg...#....#######
#.........#.....# #
#....g....#.....# #
#=........#.....# #
#.........#.....######
######g####........... #.#
##......#####


You could see Robin, a hobgoblin and 3 goblins.

Vanquished Creatures
  An adder (D:2)
  An adder zombie (D:2)
  An adder skeleton (D:2)
  4 ribbon worms (D:2)
  5 ball pythons
  4 bats
  A bat skeleton (D:2)
  6 endoplasms
  3 giant cockroaches
  7 hobgoblins
  3 quokkas
  A ball python skeleton (D:2)
  A ball python zombie (D:2)
  5 frilled lizards
  6 goblins
  3 kobolds
  A quokka skeleton (D:2)
  8 rats
61 creatures vanquished.

Notes
Turn   | Place    | Note
-------+----------+-------------------------------------------
     0 | D:1      | Gadfly the Oni Berserker began the quest for the Orb.
     0 | D:1      | Reached XP level 1. HP: 24/24 MP: 1/1
    79 | D:1      | Reached XP level 2. HP: 31/32 MP: 2/2
   544 | D:1      | Reached XP level 3. HP: 39/39 MP: 3/3
   583 | D:1      | Reached skill level 1 in Evocations
   617 | D:1      | Reached ** piety under Trog
  1004 | D:2      | Reached XP level 4. HP: 47/49 MP: 4/4
  1279 | D:2      | Noticed Robin
  1303 | D:2      | Shot with a sling bullet by a goblin

Illustrated notes

Levels and vault maps discovered:
D:1:      minmay_arrival_open_corners, layout_loops_cross, nicolae_titane
D:2:      layout_basic, serial_undead, serial_undead_a, serial_undead_a,
          serial_undead_b, serial_undead_e, serial_undead_a,
          minmay_split_cup_small, uniq_robin

Skill      XL: |  1  2  3 |
---------------+----------+-----
Dodging        | 3 |  3.1
Evocations     | 1 |  1.4
Fighting       | |  4.6
Maces & Flails | |  3.8
Armour         | |  0.3

Action                     |  1- 3 |  4- 6 || total
---------------------------+-------+-------++-------
  Melee: Mace              |   115 |    51 ||   166
         Headbutt          |    15 |     6 ||    21
         Punch             |       |     1 ||     1
    Use: Scroll            |     2 |       ||     2
   Stab: Sleeping          |     2 |       ||     2
 Armour: Animal skin       |    86 |    55 ||   141
  Dodge: Dodged            |    73 |    32 ||   105
